Map: Ice and Chrome LE

Players

Scarlett - Winner!

  • Race: Zerg Zerg
  • Spawn Location: 1:00

Nina

  • Race: Protoss Protoss
  • League: Grandmaster
  • Spawn Location: 7:00

Event: DreamHack SC2 Masters 2020 Fall

VOD

Have the link to the VOD?

Description

Time

  • Played on: Sept. 12, 2020, 4:44 p.m.
  • Length: 12:10

All games in this series

Show
View Real Time Build Order
Export as new Build Order

Scarlett Zerg - Winner!

Build Orders: Hatch First, Lurkers 

Get SALT Encoding   

  12  0:00  Drone  
  13  0:12  Overlord  
  13  0:16  Drone  
  14  0:30  Drone x2  
  16  0:47  Hatchery  
  15  0:50  Drone  
  15  0:54  Drone  
  17  0:57  Drone  
  18  1:08  Extractor  
  17  1:12  Spawning Pool  
  17  1:15  Drone  
  18  1:18  Drone  
  18  1:28  Drone  
  19  1:38  Drone  
  20  1:49  Drone  
  21  1:59  Queen x2  
  21  2:00  Drone, Overlord  
  26  2:10  Drone  
  26  2:11  Drone, Metabolic Boost  
  28  2:20  Drone  
  28  2:22  Drone  
  30  2:30  Hatchery  
  30  2:35  Zergling x4  
  31  2:43  Drone, Overlord  
  32  2:48  Queen  
  34  2:52  Drone  
  34  2:54  Drone  
  36  3:03  Drone  
  36  3:05  Drone  
  38  3:07  Drone x3  
  38  3:09  Queen  
  43  3:13  Overlord  
  43  3:17  Drone  
  44  3:25  Overlord  
  44  3:31  Queen  
  44  3:33  Drone  
  47  3:36  Zergling x2  
  48  3:41  Drone x5  
  48  3:42  Drone  
  48  3:43  Spore Crawler  
  48  3:47  Queen  
  55  3:49  Overlord  
  55  3:57  Drone x2, Overlord  
  55  3:58  Drone  
  58  4:05  Overlord, Spore Crawler  
  58  4:08  Drone x2  
  60  4:17  Drone x4, Evolution Chamber, Extractor  
  60  4:20  Drone x3  
  60  4:23  Drone x2  
  66  4:29  Lair  
  66  4:34  Drone x2, Baneling Nest  
  66  4:39  Zergling x8  
  66  4:44  Spore Crawler  
  69  4:47  Zergling x8  
  69  4:50  Drone x3  
  75  4:54  Extractor x3  
  75  4:57  Overlord  
  72  5:01  Drone x5  
  72  5:05  Extractor, Zerg Missile Weapons Level 1  
  76  5:09  Zergling x4  
  78  5:15  Zergling x4  
  78  5:18  Drone  
  78  5:19  Spore Crawler  
  79  5:24  Drone x4  
  79  5:26  Drone  
  85  5:30  Drone, Hydralisk Den  
  85  5:33  Drone  
  85  5:37  Drone x4  
  85  5:38  Overlord x2  
  85  5:39  Pneumatized Carapace, Overseer  
  89  5:48  Overlord  
  89  5:49  Drone x2  
  90  5:51  Overlord x3  
  90  5:56  Overlord x2  
  88  6:04  Hatchery  
  88  6:05  Drone x3  
  88  6:08  Muscular Augments  
  90  6:14  Hydralisk x3  
  90  6:17  Drone x2  
  98  6:24  Hydralisk x3  
  103  6:33  Hydralisk x4  
  103  6:35  Drone x2  
  113  6:47  Hydralisk x5  
  113  6:51  Extractor  
  123  6:54  Drone x7  
  123  6:55  Extractor  
  123  6:58  Infestation Pit  
  127  7:03  Centrifical Hooks  
  127  7:06  Drone  
  128  7:09  Evolution Chamber  
  128  7:11  Overseer  
  128  7:12  Zerg Missile Weapons Level 2  
  128  7:15  Drone x2  
  127  7:17  Overlord  
  127  7:19  Grooved Spines  
  127  7:21  Drone  
  127  7:22  Drone x6  
  134  7:26  Drone  
  135  7:33  Hatchery  
  134  7:41  Hive  
  134  7:42  Drone  
  134  7:43  Zerg Ground Armor Level 1  
  135  7:45  Lurker Den  
  135  7:46  Hydralisk x3  
  139  8:01  Drone x3  
  139  8:02  Drone x3  
  145  8:08  Zergling x22  
  145  8:11  Overlord x4  
  156  8:12  Extractor  
  156  8:14  Extractor  
  154  8:22  Overlord  
  154  8:23  Overlord  
  154  8:28  Spine Crawler  
  152  8:42  Lurker x4  
  152  8:43  Lurker x2, Hydralisk x8  
  152  8:44  Hydralisk  
  175  8:55  Seismic Spines  
  175  9:03  Adrenal Glands  
  175  9:05  Lurker x3  
  178  9:13  Lurker x2, Zergling x2  
  178  9:14  Zergling x24  
  193  9:28  Baneling x12  
  193  9:37  Lurker  
  194  9:43  Hatchery  
  186  9:50  Lurker x4  
  185  9:53  Adaptive Talons  
  185  9:57  Zerg Melee Weapons Level 1  
  181  10:04  Lurker x2  
  181  10:05  Zergling x44  
  199  10:21  Overlord  
  198  10:34  Baneling x4  
  198  10:35  Baneling x6  
  195  10:39  Hydralisk x4  
  195  10:40  Hydralisk x2  
  192  10:48  Hydralisk x9  
  197  10:54  Viper  
  191  11:03  Hydralisk x5  
  188  11:20  Zergling x16, Spire  
  188  11:21  Zergling x10, Spire  
  186  11:45  Hydralisk x8  
  186  11:46  Hydralisk x3  
Show
View Real Time Build Order
Export as new Build Order

Nina Protoss 

Build Orders: 1 Gate Expand, Oracle Opening, Phoenix Opening 

Get SALT Encoding   

  12  0:00  Probe  
  13  0:12  Probe  
  14  0:20  Pylon  
  14  0:24  Probe  
  15  0:38  Probe (Chrono Boost)  
  15  0:40  Gateway  
  16  0:47  Probe (Chrono Boost)  
  17  0:51  Assimilator  
  17  0:52  Probe (Chrono Boost)  
  18  1:04  Probe  
  19  1:16  Probe  
  20  1:27  Nexus  
  20  1:33  Cybernetics Core  
  20  1:36  Probe  
  21  1:43  Assimilator  
  21  1:48  Probe  
  22  1:54  Pylon  
  22  2:00  Probe  
  23  2:10  Adept (Chrono Boost)  
  23  2:13  Probe  
  26  2:19  Stargate  
  26  2:25  Probe  
  26  2:28  Warp Gate  
  27  2:33  Adept  
  29  2:39  Probe (Chrono Boost)  
  29  2:41  Probe (Chrono Boost)  
  31  2:48  Probe (Chrono Boost)  
  33  2:51  Probe (Chrono Boost)  
  33  2:52  Gateway  
  33  2:53  Probe (Chrono Boost)  
  34  3:01  Probe  
  34  3:04  Phoenix (Chrono Boost)  
  37  3:05  Probe  
  37  3:12  Pylon  
  38  3:13  Probe  
  38  3:18  Adept  
  41  3:22  Pylon  
  41  3:23  Probe  
  42  3:28  Oracle (Chrono Boost)  
  42  3:33  Probe  
  46  3:35  Probe  
  47  3:43  Gateway  
  47  3:45  Probe  
  47  3:47  Probe  
  49  3:57  Probe  
  49  3:59  Probe  
  49  4:01  Oracle  
  54  4:08  Pylon  
  54  4:09  Probe  
  55  4:11  Probe  
  55  4:13  Nexus  
  56  4:17  Adept  
  56  4:21  Adept  
  56  4:22  Probe  
  61  4:26  Probe  
  61  4:30  Pylon  
  62  4:33  Assimilator  
  62  4:38  Adept  
  62  4:39  Adept  
  62  4:43  Adept  
  68  4:47  Probe x2  
  68  4:49  Assimilator  
  70  4:59  Probe  
  71  5:01  Zealot x2  
  71  5:04  Robotics Facility  
  71  5:05  Probe  
  76  5:17  Probe  
  71  5:22  Probe  
  72  5:29  Sentry x3, Probe  
  72  5:34  Probe  
  80  5:36  Twilight Council  
  80  5:40  Forge  
  80  5:41  Probe  
  81  5:46  Probe  
  82  5:50  Immortal (Chrono Boost), Probe  
  82  5:52  Shield Battery  
  82  5:54  Probe  
  88  5:57  Zealot x3  
  88  5:58  Probe  
  88  6:00  Assimilator  
  88  6:01  Assimilator  
  88  6:02  Probe  
  92  6:06  Probe  
  93  6:12  Gateway  
  93  6:13  Pylon  
  93  6:15  Pylon  
  93  6:22  Pylon  
  93  6:25  Protoss Ground Weapons Level 1  
  93  6:26  Pylon  
  93  6:29  Pylon  
  93  6:31  Probe x2 (Chrono Boost)  
  96  6:33  Gateway, Pylon  
  96  6:34  Probe (Chrono Boost)  
  96  6:40  Blink  
  96  6:43  Templar Archives, Probe x2 (Chrono Boost)  
  99  6:47  Probe (Chrono Boost)  
  99  6:48  Probe x2 (Chrono Boost)  
  99  6:49  Gateway  
  99  6:52  Immortal (Chrono Boost)  
  101  6:55  Probe  
  101  6:57  Probe x2  
  108  7:07  Probe  
  109  7:09  Psionic Storm  
  107  7:20  High Templar x2  
  107  7:21  High Templar  
  113  7:25  Photon Cannon  
  113  7:27  Pylon  
  113  7:28  Immortal  
  117  7:40  Gateway  
  117  7:41  Gateway  
  117  7:45  High Templar x2  
  117  7:47  Photon Cannon  
  117  7:50  Zealot  
  118  7:58  Stalker x3  
  124  8:09  Fleet Beacon, Nexus  
  124  8:18  Photon Cannon  
  124  8:21  Pylon  
  124  8:25  Gateway  
  124  8:26  Immortal (Chrono Boost)  
  124  8:27  Gateway  
  124  8:28  Pylon  
  124  8:34  Pylon  
  128  8:35  Zealot  
  130  8:41  Stargate  
  130  8:44  Stargate  
  130  8:51  Charge (Chrono Boost)  
  125  8:56  Protoss Air Weapons Level 1  
  125  8:59  Shield Battery  
  125  9:01  Photon Cannon  
  125  9:02  Photon Cannon  
  130  9:03  Tempest (Chrono Boost)  
  130  9:04  Photon Cannon  
  130  9:05  Observer (Chrono Boost)  
  130  9:06  Zealot, Pylon  
  130  9:07  Zealot x7  
  147  9:10  Protoss Ground Weapons Level 2  
  147  9:23  Tempest (Chrono Boost)  
  147  9:24  Photon Cannon  
  152  9:33  Probe  
  152  9:36  Assimilator  
  158  9:39  Tempest (Chrono Boost)  
  158  9:40  Assimilator  
  156  9:50  Zealot x5  
  156  9:51  Zealot  
  168  9:58  Zealot x2  
  168  9:59  Zealot  
  174  10:02  Zealot  
  164  10:07  Probe  
  164  10:08  Probe  
  164  10:11  Tempest x2  
  176  10:21  Zealot x2  
  176  10:42  Zealot x2  
  176  10:49  Tempest  
  170  10:52  Zealot  
  170  10:53  Zealot x2, Tempest  
  124  10:57  Zealot x3  
  124  10:58  Tempest  
  130  11:04  Probe  
  130  11:05  Observer  
  130  11:10  Zealot x2  
  135  11:11  Probe  
  135  11:18  High Templar x4  
  138  11:19  Probe  
  138  11:20  Observer  
  138  11:24  Archon x2  
  145  11:26  Gateway  
  145  11:27  Observer  
  145  11:31  Pylon x2  
  145  11:33  Photon Cannon  
  145  11:39  Zealot x3  
  133  11:43  Zealot  
  125  11:49  Zealot  
  117  11:56  Zealot x2  
  99  12:03  Zealot x3  

Tags
 
Add a new tag
Caveats
  • Supply blocks, unpowered buildings, or Contaminate may cause inaccurate times.
  • Supply counts are checked every 10 seconds.